[Event "Titled Tuesday Blitz October 18 Late 2022"]
[White "Fernandez Hernandez, Gerardo"]
[Black "Poltorak, Sebastian"]
[WhiteFideId "2207400"]
[BlackFideId "1199498"]
[WhiteElo "2197"]
[BlackElo "2232"]
[Result "0-1"]
[Round "02"]
[TimeControl "180+1"]
[Date "2022.10.19"]
[WhiteClock "0:00:03"]
[BlackClock "0:00:10"]

1. e4 Nc6 2. d3 Nf6 3. g3 d5 4. Nd2 dxe4 5. dxe4 e5 6. Bg2 Bc5 7. Ngf3 O-O 8. O-O Bg4 9. h3 Bh5 10. c3 Bg6 11. Nh4 Qd3 12. Nb3 Bxf2+ 13. Kxf2 Nxe4+ 14. Kg1 Qxg3 15. Nxg6 Qxg6 16. Qg4 Qxg4 17. hxg4 Nd6 18. Be3 Nc4 19. Bc5 Rfd8 20. Bxc6 bxc6 21. Rf2 f6 22. Kf1 a5 23. Ke1 a4 24. Nc1 e4 25. a3 Rd5 26. Rf5 Rxf5 27. gxf5 Nxb2 28. Rb1 Nc4 29. Rb7 Rc8 30. Ra7 g6 31. fxg6 hxg6 32. Ne2 f5 33. Nf4 Kf7 34. Rxa4 Ne5 35. Ra7 g5 36. Bd4 Kf6 37. Ne2 f4 38. Kf2 e3+ 39. Kg2 f3+ 40. Kf1 fxe2+ 41. Kxe2 g4 42. Ra5 Re8 43. Rxe5 Rxe5 44. a4 g3 45. Bxe5+ Kxe5 46. Kxe3 Kd5 47. a5 Kc5 48. Kf3 Kb5 49. Kxg3 Kxa5 50. Kf3 Kb5 51. Ke3 Kc4 52. Kd2 Kb3 53. Kd3 c5 54. Kd2 c4 55. Kd1 Kxc3 56. Kc1 c6 57. Kd1 Kb2 0-1


[Site "https://www.chess.com"]

[Event "Titled Tuesday Blitz October 18 Late 2022"]
[White "Gabrielian, Artur"]
[Black "Ezat, Mohamed"]
[WhiteFideId "4131002"]
[BlackFideId "10600906"]
[WhiteElo "2788"]
[BlackElo "2535"]
[Result "1-0"]
[Round "02"]
[TimeControl "180+1"]
[Date "2022.10.19"]
[WhiteClock "0:00:10"]
[BlackClock "0:00:04"]

1. e4 c6 2. d4 d5 3. e5 c5 4. Nf3 Bg4 5. dxc5 e6 6. c3 Bxf3 7. Qxf3 Bxc5 8. Qg3 Ne7 9. Bd3 Nbc6 10. Nd2 Ng6 11. Nf3 d4 12. b4 Bb6 13. b5 Nce7 14. c4 Ba5+ 15. Kf1 O-O 16. h4 Nf5 17. Qg4 Qc7 18. h5 Nxe5 19. Nxe5 Qxe5 20. Bf4 Qf6 21. h6 g6 22. Rh3 e5 23. Bg5 Qe6 24. Kg1 f6 25. Bc1 Kf7 26. Be4 Qxc4 27. Bxf5 gxf5 28. Qxf5 Rg8 29. Qxh7+ Ke6 30. Qxb7 Qd5 31. Qxd5+ Kxd5 32. h7 Rh8 33. Ba3 Rac8 34. Rh6 Rc7 35. Rxf6 Rcxh7 36. Rd6+ Ke4 37. f3+ Kd3 38. Kf2 Rc8 39. Rd1+ Bd2 40. Bb4 Rc2 41. Rc6 Rxa2 42. Ra6 Rb2 43. Ra3+ Kc4 44. Bxd2 Rxb5 45. Rc1+ Kd5 46. Ra5 Rxa5 47. Bxa5 Rb7 48. Bd2 Rb2 49. Ke2 e4 50. fxe4+ Kxe4 51. Rc8 d3+ 52. Kd1 Rb1+ 53. Bc1 Rb7 54. Rc4+ Kd5 55. Ra4 Rg7 56. g4 a6 57. Be3 Re7 58. Kd2 Re4 59. Ra5+ Kc4 60. Ra4+ Kd5 61. Rxe4 Kxe4 62. g5 Kf5 63. Kxd3 a5 64. Kc4 a4 65. Kb4 a3 66. Kxa3 1-0


[Site "https://www.chess.com"]

[Event "Titled Tuesday Blitz October 18 Late 2022"]
[White "Galaktionov, Artem"]
[Black "Rosen, Eric"]
[WhiteFideId "24175471"]
[BlackFideId "2032562"]
[WhiteElo "2278"]
[BlackElo "2362"]
[Result "1-0"]
[Round "02"]
[TimeControl "180+1"]
[Date "2022.10.18"]
[WhiteClock "0:00:27"]
[BlackClock "0:00:01"]

1. d4 d5 2. Nf3 Nf6 3. c4 e6 4. Nc3 a6 5. cxd5 exd5 6. Bg5 Be7 7. e3 O-O 8. Bd3 Re8 9. O-O Nbd7 10. h3 Nf8 11. Bf4 Ng6 12. Bh2 Bd6 13. Bxd6 Qxd6 14. Qc2 b6 15. Rab1 Bb7 16. b4 Ne4 17. Bxe4 dxe4 18. Nd2 f5 19. a4 Qf6 20. Ne2 Re7 21. Rfc1 Qg5 22. Nf1 Rf8 23. Rb3 h5 24. Rc3 Rff7 25. Kh2 h4 26. Qb3 Kh7 27. a5 f4 28. exf4 Nxf4 29. Nxf4 Qxf4+ 30. Kh1 Qxf2 31. Ne3 b5 32. d5 Rd7 33. Qb1 Rfe7 34. Rf1 Qg3 35. Rf5 g6 36. Rf6 Rf7 37. Rxf7+ Rxf7 38. Qc1 Qf4 39. Qe1 Bc8 40. Rc6 Bf5 41. Rxa6 Rd7 42. Rc6 Qe5 43. Qxh4+ Kg7 44. Qe1 Qd4 45. a6 Rd8 46. Rxc7+ Kg8 47. Qc3 Qxc3 48. Rxc3 Ra8 49. Ra3 Kf7 50. a7 Ke7 51. Ra5 Bd7 52. Kh2 Kd6 53. Kg3 Ke5 54. Kf2 Kd4 55. Ke2 Kc3 56. d6 Kxb4 57. Ra1 Kc5 58. Kd2 Kxd6 59. Kc3 Kc5 60. Nc2 Kb6 61. Kd4 Bc6 62. Nb4 Bb7 63. Ke3 Rxa7 64. Rxa7 Kxa7 65. g4 Kb6 66. Kd4 Ka5 67. Nc2 b4 68. Ne3 Ka4 69. h4 b3 70. Kc3 Ka3 71. h5 gxh5 72. gxh5 b2 73. Nc4+ Ka2 74. Nxb2 e3 75. Nd3 Be4 76. Ne1 Kb1 77. Kd4 Bh7 78. Kxe3 Kb2 79. Kf4 Kc3 80. Kg5 Kd4 81. Kf6 Be4 82. h6 Kd5 83. Nf3 Kd6 84. Nh4 Bh7 85. Kg7 1-0


[Site "https://www.chess.com"]

[Event "Titled Tuesday Blitz October 18 Late 2022"]
[White "Gasparyan, David"]
[Black "Krishnan, Varun"]
[WhiteFideId "13311980"]
[BlackFideId "5054508"]
[WhiteElo "2359"]
[BlackElo "2552"]
[Result "1/2-1/2"]
[Round "02"]
[TimeControl "180+1"]
[Date "2022.10.19"]
[WhiteClock "0:00:11"]
[BlackClock "0:00:18"]

1. d4 Nf6 2. Nf3 e6 3. e3 b6 4. Bd3 Bb7 5. Nbd2 c5 6. c3 Be7 7. O-O O-O 8. e4 d6 9. Re1 Nbd7 10. Nf1 Qc7 11. Ng3 a6 12. Bf4 h6 13. h3 Rac8 14. d5 c4 15. Bc2 exd5 16. Nf5 Rfe8 17. exd5 Bf8 18. Qd2 Bxd5 19. N3d4 Qb7 20. Nxh6+ gxh6 21. Bxh6 Bxh6 22. Qxh6 Be4 23. Nf5 Bxf5 24. Bxf5 Qd5 25. Qg5+ Kh8 26. Qh6+ Kg8 27. Qg5+ Kf8 28. Qh6+ Kg8 1/2-1/2


[Site "https://www.chess.com"]

[Event "Titled Tuesday Blitz October 18 Late 2022"]
[White "Gatterer, Florian"]
[Black "Girsh, Daniel"]
[WhiteFideId "811688"]
[BlackFideId "30949190"]
[WhiteElo "2218"]
[BlackElo "2075"]
[Result "0-1"]
[Round "02"]
[TimeControl "180+1"]
[Date "2022.10.19"]
[WhiteClock "0:00:11"]
[BlackClock "0:00:14"]

1. Nf3 d5 2. b3 Nf6 3. Bb2 Bf5 4. g3 e6 5. Bg2 Be7 6. O-O O-O 7. d3 c5 8. Nbd2 Nc6 9. Re1 Bg6 10. e4 dxe4 11. dxe4 Nd4 12. Nxd4 cxd4 13. e5 Nd5 14. Bxd4 Nb4 15. c3 Nc2 16. Bxb7 Rb8 17. Be4 Nxa1 18. Qxa1 a5 19. h4 Qd7 20. Qd1 Rfc8 21. h5 Bxe4 22. Nxe4 h6 23. Qg4 Kh8 24. Qf4 Bf8 25. g4 a4 26. g5 hxg5 27. Nxg5 axb3 28. axb3 Rxb3 29. h6 gxh6 30. Nxf7+ Kh7 31. Re3 Rb1+ 32. Kh2 Qd5 33. Rf3 Bg7 34. Nd6 Rf8 35. Nf7 Kg8 36. Nxh6+ Bxh6 37. Rg3+ Bg7 38. Rxg7+ Kxg7 39. Qg5+ Kf7 40. Qh5+ Ke7 41. Bc5+ Qxc5 42. Qh8 Qxf2+ 0-1


[Site "https://www.chess.com"]

[Event "Titled Tuesday Blitz October 18 Late 2022"]
[White "Goltsev, Dmitry"]
[Black "Firouzja, Alireza"]
[WhiteFideId "24176710"]
[BlackFideId "12573981"]
[WhiteElo "2257"]
[BlackElo "2903"]
[Result "0-1"]
[Round "02"]
[TimeControl "180+1"]
[Date "2022.10.18"]
[WhiteClock "0:00:06"]
[BlackClock "0:00:35"]

1. e4 c5 2. Nf3 d6 3. d4 cxd4 4. Nxd4 Nf6 5. Nc3 Nc6 6. Be2 e5 7. Nb3 Be7 8. O-O O-O 9. Be3 Be6 10. f3 a5 11. Nd2 Nd4 12. Bc4 Rc8 13. Bd3 d5 14. exd5 Nxd5 15. Nxd5 Qxd5 16. Re1 Rfd8 17. Bf2 Nxc2 18. Bxc2 Qxd2 19. Re2 Qxd1+ 20. Bxd1 f6 21. Bb6 Bc5+ 22. Bxc5 Rxc5 23. Bb3 Bxb3 24. axb3 Rb5 25. b4 axb4 26. Rc2 Rd7 27. h4 h5 28. Kh2 Rbd5 29. Rc4 Rd4 30. Rc8+ Kh7 31. Kg3 Rd2 32. Rb1 Re2 33. b3 Rdd2 34. Rg1 Rb2 35. Rc7 Rxb3 36. Rxb7 Rbb2 37. Kh3 Rf2 38. Kg3 Rfe2 39. Kh3 e4 40. Kg3 e3 41. Kf4 Rxg2 42. Rxg2 Rxg2 43. Kxe3 Rb2 44. Kf4 Kg6 45. Kg3 b3 46. Kh3 Rb1 47. Kg3 b2 48. Kg2 Kf5 49. Rb5+ Ke6 50. Rb8 g5 51. hxg5 fxg5 52. Kh2 h4 53. Kg2 h3+ 54. Kh2 Kd5 55. Rb4 Kc5 56. Rb8 Kc4 57. Rb7 Kd3 58. Rb8 Ke3 59. Rb3+ Kf2 60. Rb8 Kxf3 61. Rb3+ Ke4 62. Rb4+ Kd5 63. Rb5+ Kc6 64. Rb8 g4 65. Rc8+ Kd7 66. Rc2 Rh1+ 0-1


[Site "https://www.chess.com"]

[Event "Titled Tuesday Blitz October 18 Late 2022"]
[White "Golubev, Mikhail"]
[Black "Kobla, Vishal"]
[WhiteFideId "14100983"]
[BlackFideId "2078457"]
[WhiteElo "2374"]
[BlackElo "1972"]
[Result "1-0"]
[Round "02"]
[TimeControl "180+1"]
[Date "2022.10.19"]
[WhiteClock "0:01:47"]
[BlackClock "0:00:27"]

1. e4 c5 2. Nf3 Nc6 3. Nc3 g6 4. d4 cxd4 5. Nxd4 Bg7 6. Be3 d6 7. Qd2 Nf6 8. f3 O-O 9. O-O-O Bd7 10. g4 Rc8 11. h4 Nxd4 12. Bxd4 b5 13. h5 b4 14. Nd5 Qa5 15. Nxe7+ Kh8 16. h6 Rxc2+ 17. Kxc2 b3+ 18. axb3 1-0


[Site "https://www.chess.com"]

[Event "Titled Tuesday Blitz October 18 Late 2022"]
[White "Gonzalez, Francisco Silva"]
[Black "Gubajdullin, Alexei"]
[WhiteFideId "1512285"]
[BlackFideId "4141202"]
[WhiteElo "2159"]
[BlackElo "2200"]
[Result "0-1"]
[Round "02"]
[TimeControl "180+1"]
[Date "2022.10.19"]
[WhiteClock "0:01:17"]
[BlackClock "0:00:36"]

1. d4 Nf6 2. c4 g6 3. Nc3 Bg7 4. e4 d6 5. f3 O-O 6. Be3 Nc6 7. Nge2 a6 8. Rc1 Rb8 9. Qd2 Re8 10. b3 e6 11. Kf2 b6 12. g3 Bb7 13. h4 h5 14. Bh3 Ne7 15. b4 Nd7 16. f4 Nf6 17. e5 Ng4+ 18. Bxg4 hxg4 19. Rh2 Nf5 20. h5 Qd7 21. Rd1 b5 22. c5 dxc5 23. dxc5 Qc6 24. Nd4 Nxd4 25. Bxd4 Qf3+ 26. Kg1 Qxg3+ 27. Rg2 Qxg2+ 28. Qxg2 Bxg2 29. Kxg2 gxh5 30. Kg3 Rbd8 31. Kh4 c6 32. Kxh5 Rd7 33. Be3 Rxd1 34. Nxd1 Rd8 35. Nb2 f5 36. Kh4 Ra8 37. a4 a5 38. axb5 cxb5 39. bxa5 Ra7 40. c6 Rxa5 41. c7 Ra8 42. Ba7 Rc8 43. Bb8 Bf8 44. Nd3 Ba3 45. Kg5 g3 46. Kf6 g2 47. Ba7 Rxc7 48. Bf2 Rc3 49. Ne1 Rg3 50. Bg1 Bb4 51. Nc2 Rb3 52. Kxe6 Rb1 53. Be3 Bc3 54. Kxf5 b4 55. Ke6 b3 56. Na3 Ra1 57. Nc4 b2 58. Nxb2 Bxb2 59. f5 Re1 60. Bf2 Rxe5+ 61. Kd6 Rxf5 62. Ke6 Rxf2 0-1


[Site "https://www.chess.com"]

[Event "Titled Tuesday Blitz October 18 Late 2022"]
[White "Gonzalez Vega, Alejandro"]
[Black "Petrovic, Aleksa"]
[WhiteFideId "3510042"]
[BlackFideId "967629"]
[WhiteElo "2264"]
[BlackElo "2242"]
[Result "0-1"]
[Round "02"]
[TimeControl "180+1"]
[Date "2022.10.19"]
[WhiteClock "0:00:02"]
[BlackClock "0:00:09"]

1. e4 c6 2. d4 d5 3. exd5 cxd5 4. Bd3 Nc6 5. c3 e5 6. dxe5 Nxe5 7. Bb5+ Nc6 8. Nf3 Nf6 9. h3 Bc5 10. O-O O-O 11. Bd3 Qd6 12. Bg5 Bxh3 13. gxh3 Qg3+ 14. Kh1 Qxh3+ 15. Nh2 Ne5 16. Be2 Nf3 17. Bf4 Nxh2 18. Bxh2 Rfe8 19. Qd3 Qh4 20. Nd2 Bd6 21. f4 Bc5 22. Nf3 Qh6 23. Ne5 Ne4 24. Rf3 Nf2+ 25. Rxf2 Bxf2 26. Rf1 Bh4 27. Qxd5 Re7 28. Bc4 Bg3 29. Qg2 Bxf4 30. Rxf4 Rxe5 31. Bxf7+ Kh8 32. Rf1 Rf8 33. Qg3 Qc6+ 34. Qg2 Qh6 35. Bc4 Rxf1+ 36. Qxf1 Qc6+ 37. Kg1 Rg5+ 0-1


[Site "https://www.chess.com"]

[Event "Titled Tuesday Blitz October 18 Late 2022"]
[White "Gorodetzky, David"]
[Black "Mortazavi, Ali"]
[WhiteFideId "2813416"]
[BlackFideId "401323"]
[WhiteElo "2487"]
[BlackElo "2339"]
[Result "1-0"]
[Round "02"]
[TimeControl "180+1"]
[Date "2022.10.18"]
[WhiteClock "0:00:50"]
[BlackClock "0:00:13"]

1. c4 Nf6 2. Nc3 g6 3. d4 d6 4. e4 Bg7 5. Be2 O-O 6. Nf3 Bg4 7. Be3 Nbd7 8. O-O e5 9. d5 a5 10. Ne1 Bxe2 11. Qxe2 Nh5 12. Nd3 b6 13. g4 Nf4 14. Nxf4 exf4 15. Bxf4 Bxc3 16. bxc3 Re8 17. Rae1 a4 18. g5 a3 19. h4 Ra4 20. Rd1 Qe7 21. Rd4 Raa8 22. f3 Qf8 23. Kg2 Qg7 24. Qf2 f6 25. Qg3 Rf8 26. Bc1 fxg5 27. hxg5 Nc5 28. Be3 Na4 29. Rd3 Nb2 30. Bd4 Qf7 31. Rd2 Nxc4 32. Rdf2 Rae8 33. Rh1 Nb2 34. Rh4 Nd3 35. Rf1 Nf4+ 36. Kh2 Ne2 37. Qg4 Nxd4 38. cxd4 Qg7 39. Rd1 Rf7 40. Qg3 Ref8 41. Rd3 Ra8 42. Kg2 Ra4 43. Rf4 Rxd4 44. Rxa3 Rd2+ 45. Kh3 Rd1 46. Ra8+ Qf8 47. Rxf8+ Rxf8 48. Rxf8+ Kxf8 49. Qg4 Rd3 50. Qc8+ Kg7 51. Qxc7+ Kg8 52. Qd8+ Kg7 53. Qf6+ 1-0


[Site "https://www.chess.com"]

[Event "Titled Tuesday Blitz October 18 Late 2022"]
[White "Guliyev, Namig"]
[Black "Ismayil, Malak"]
[WhiteFideId "13400363"]
[BlackFideId "13412604"]
[WhiteElo "2526"]
[BlackElo "1879"]
[Result "1-0"]
[Round "02"]
[TimeControl "180+1"]
[Date "2022.10.19"]
[WhiteClock "0:01:19"]
[BlackClock "0:00:08"]

1. e4 e5 2. Nf3 Nc6 3. Bb5 a6 4. Ba4 Nf6 5. O-O b5 6. Bb3 Be7 7. Re1 O-O 8. d4 d6 9. c3 Bg4 10. Be3 h6 11. Nbd2 Re8 12. h3 Bh5 13. d5 Na5 14. Bc2 c5 15. b4 cxb4 16. cxb4 Nc4 17. Nxc4 bxc4 18. Bd2 Rc8 19. Bc3 Qd7 20. Ba4 Qb7 21. Bxe8 Nxe8 22. a4 Bd8 23. g4 Bg6 24. Nd2 Bb6 25. Qe2 Qc7 26. Rec1 Nf6 27. Kg2 Qa7 28. f3 Be3 29. Nxc4 Bxc1 30. Rxc1 Ne8 31. a5 f6 32. Nb6 Rd8 33. Bd2 Nc7 34. Rc6 Nb5 35. Be3 Be8 36. Rc1 Qb7 37. Qc4 h5 38. g5 Qf7 39. h4 f5 40. Rf1 f4 41. Bf2 1-0


[Site "https://www.chess.com"]

[Event "Titled Tuesday Blitz October 18 Late 2022"]
[White "Gunduz, Umut Erdem"]
[Black "Nakamura, Hikaru"]
[WhiteFideId "6381383"]
[BlackFideId "2016192"]
[WhiteElo "2182"]
[BlackElo "2909"]
[Result "0-1"]
[Round "02"]
[TimeControl "180+1"]
[Date "2022.10.18"]
[WhiteClock "0:01:14"]
[BlackClock "0:01:57"]

1. e4 g5 2. d4 Bg7 3. Nc3 h6 4. h4 g4 5. Qxg4 Bxd4 6. Nf3 Nf6 7. Qf4 Bxc3+ 8. bxc3 d6 9. Bd3 e5 10. Qd2 Nbd7 11. Qe2 b6 12. Nd2 Nc5 13. f3 Nh5 14. Nf1 Nf4 15. Bxf4 exf4 16. O-O-O Qf6 17. e5 Qxe5 18. Bb5+ Ke7 19. Qd2 Be6 20. Re1 Qf6 21. Bc6 Rad8 22. Nh2 h5 23. Rhg1 Rhg8 24. Nf1 d5 25. g3 d4 26. c4 d3 27. c3 Kf8 28. Kb2 Bxc4 29. Qf2 Qxc6 0-1


[Site "https://www.chess.com"]

[Event "Titled Tuesday Blitz October 18 Late 2022"]
[White "Hambleton, Aman"]
[Black "Winterberg, Lukas"]
[WhiteFideId "2606577"]
[BlackFideId "24622702"]
[WhiteElo "2752"]
[BlackElo "2508"]
[Result "1-0"]
[Round "02"]
[TimeControl "180+1"]
[Date "2022.10.19"]
[WhiteClock "0:00:03"]
[BlackClock "0:00:02"]

1. d4 Nf6 2. Bf4 d5 3. e3 c5 4. c3 Nc6 5. Nd2 cxd4 6. exd4 Bf5 7. Qb3 Qc8 8. Ngf3 e6 9. Nh4 Be4 10. Nxe4 Nxe4 11. Nf3 Bd6 12. Bxd6 Nxd6 13. Bd3 O-O 14. O-O a6 15. a4 Qc7 16. Rfe1 h6 17. Ne5 Rab8 18. Qc2 Rfc8 19. Nxc6 Qxc6 20. a5 b5 21. axb6 Rxb6 22. Ra2 Rcb8 23. Qe2 Nc4 24. Bxc4 dxc4 25. h3 Qd5 26. Qc2 g6 27. Re5 Qb7 28. Re2 Kg7 29. Qd2 Qd5 30. h4 h5 31. Qf4 R8b7 32. Kh2 Qd6 33. Kg3 Qd5 34. Re5 Qd8 35. Re2 Qd5 36. f3 Qd8 37. Qe5+ Qf6 38. Qxf6+ Kxf6 39. Kf4 Rb5 40. g4 hxg4 41. fxg4 R7b6 42. Ke4 Rd5 43. Rf2+ Ke7 44. g5 Rdb5 45. Rh2 a5 46. Rf2 Rd5 47. Re2 Rdb5 48. Rc2 Rf5 49. Ra4 Rc6 50. Rh2 Rb5 51. Ke3 Kd6 52. Ke4 Rc7 53. Rf2 Ke7 54. Re2 Rd5 55. Re1 Rc6 56. Rea1 Rb6 57. Rxa5 Rxa5 58. Rxa5 Rxb2 59. Ra7+ Kf8 60. Ra8+ Kg7 61. Ra4 Rh2 62. Rxc4 Rxh4+ 63. Kf3 Rh1 64. Rc5 Rc1 65. Ke3 Kf8 66. Kd2 Rg1 67. Re5 Ke7 68. Kd3 Kd6 69. Kc4 Rg3 70. Kb4 Rg1 71. Ra5 Rb1+ 72. Kc4 Rb6 73. Kd3 Ke7 74. c4 Rb1 75. Ra7+ Ke8 76. Ra8+ Ke7 77. Ra7+ Ke8 78. Ra5 Rg1 79. Kc3 Kd7 80. Ra7+ Ke8 81. Ra8+ Ke7 82. Ra7+ Ke8 83. Ra5 Kd7 84. Kb4 Kd6 85. Ra7 Rb1+ 86. Kc3 Rf1 87. c5+ Kd5 88. Rd7+ Kc6 89. Rd6+ Kc7 90. Ra6 Rc1+ 91. Kd3 Rd1+ 92. Ke3 Rf1 93. Ke2 Rf5 94. Kd3 Kb7 95. Rd6 Kc7 96. Ra6 Kb7 97. Rb6+ Kc7 98. Kc4 Rxg5 99. Ra6 Rf5 100. Kb5 Rf1 101. Ra7+ Kb8 102. Re7 g5 103. Kb6 Rb1+ 104. Kc6 g4 105. Rxf7 g3 106. Rg7 Rb3 107. Rg8+ Ka7 108. Rg7+ Ka6 109. Rg8 Ka7 110. Kd6 Rd3 111. Ke5 Re3+ 112. Kf4 Rd3 113. Ke4 Rb3 114. Rg6 Kb7 115. Rxe6 g2 116. Rg6 Rb2 117. Kd5 Rf2 118. Rg7+ Ka6 119. Kc4 Rd2 120. Rg6+ Ka5 121. Kd5 Rf2 122. c6 Kb6 123. Rg5 Re2 124. Kd6 Rd2 125. d5 Rc2 126. Rg8 Ka7 127. Kc7 Rd2 128. d6 g1=Q 129. Rxg1 Ka6 130. Ra1+ Kb5 131. d7 Ra2 132. Rxa2 1-0


[Site "https://www.chess.com"]

[Event "Titled Tuesday Blitz October 18 Late 2022"]
[White "Hamidi, Amir Mohammad"]
[Black "Daeschler, Florian"]
[WhiteFideId "12563285"]
[BlackFideId "20678193"]
[WhiteElo "2256"]
[BlackElo "2187"]
[Result "1-0"]
[Round "02"]
[TimeControl "180+1"]
[Date "2022.10.19"]
[WhiteClock "0:00:49"]
[BlackClock "0:00:22"]

1. d4 Nf6 2. c4 c5 3. Nf3 cxd4 4. Nxd4 g6 5. Nc3 Nc6 6. g3 Bg7 7. Bg2 O-O 8. O-O d6 9. b3 Bd7 10. Bb2 Qa5 11. e3 Rfc8 12. Qd2 a6 13. Rfd1 Rab8 14. Rac1 Qh5 15. Nd5 Nxd5 16. Bxd5 Bg4 17. Re1 Ne5 18. f4 Nf3+ 19. Nxf3 Bxf3 20. Bxg7 Kxg7 21. Qd4+ Kg8 22. Bxf3 Qxf3 23. Qd5 Qxd5 24. cxd5 Kf8 25. Kf2 Ke8 26. Kf3 Kd7 27. Ke4 Rxc1 28. Rxc1 Rc8 29. Rxc8 Kxc8 30. f5 Kd7 31. fxg6 hxg6 32. g4 Ke8 33. Kf4 Kf8 34. h4 Kg7 35. e4 Kf6 36. e5+ dxe5+ 37. Ke4 Kg7 38. Kxe5 Kf8 39. d6 exd6+ 40. Kxd6 Kg7 41. Ke5 b6 42. a3 a5 43. a4 Kg8 44. Kf6 Kf8 45. h5 gxh5 46. gxh5 Kg8 47. h6 Kh7 48. Kxf7 Kxh6 49. Ke6 Kg5 50. Kd6 Kf4 51. Kc6 Ke4 52. Kxb6 Kd4 53. Kxa5 Kc5 54. Ka6 1-0


[Site "https://www.chess.com"]

[Event "Titled Tuesday Blitz October 18 Late 2022"]
[White "Hamitevici, Vladimir"]
[Black "Fawzy, Adham"]
[WhiteFideId "13902393"]
[BlackFideId "10613129"]
[WhiteElo "2542"]
[BlackElo "2809"]
[Result "1-0"]
[Round "02"]
[TimeControl "180+1"]
[Date "2022.10.19"]
[WhiteClock "0:00:22"]
[BlackClock "0:00:02"]

1. d4 Nf6 2. Nf3 g6 3. Nbd2 d5 4. e3 Bg7 5. b3 b6 6. Bb2 Bb7 7. Ne5 Nbd7 8. f4 O-O 9. Be2 c5 10. O-O Ne8 11. Bb5 Nxe5 12. dxe5 c4 13. Bxe8 Qxe8 14. Nf3 Rc8 15. Nd4 Qd7 16. Ba3 Rfd8 17. h4 h5 18. Qf3 f5 19. Qg3 Kh7 20. Qg5 e6 21. Be7 Re8 22. Bf6 Bh6 23. Qg3 Bf8 24. Nf3 Bh6 25. Nd4 Bf8 26. Kh2 a5 27. Rab1 cxb3 28. Rxb3 Ba6 29. Rfb1 b5 30. Nxb5 Rxc2 31. Nd6 Bxd6 32. exd6 Bc8 33. Be5 Rc4 34. Rb6 Qf7 35. Qg5 Rb4 36. R1xb4 axb4 37. Rxb4 Bd7 38. Rb7 Rc8 39. Rc7 Rxc7 40. dxc7 Bc8 41. Qd8 Bd7 42. Qh8# 1-0


[Site "https://www.chess.com"]

[Event "Titled Tuesday Blitz October 18 Late 2022"]
[White "Har-Zvi, Ronen"]
[Black "Hnydiuk, Aleksander"]
[WhiteFideId "2801485"]
[BlackFideId "1109057"]
[WhiteElo "2771"]
[BlackElo "2522"]
[Result "1-0"]
[Round "02"]
[TimeControl "180+1"]
[Date "2022.10.19"]
[WhiteClock "0:01:39"]
[BlackClock "0:00:36"]

1. Nf3 d5 2. d4 Nf6 3. Bf4 c5 4. e3 cxd4 5. exd4 Bg4 6. Nbd2 e6 7. h3 Bh5 8. Bxb8 Qxb8 9. Bb5+ Kd8 10. O-O Bd6 11. Bd3 Ke7 12. c3 Rc8 13. Re1 Kf8 14. a4 Qc7 15. Qb3 Nd7 16. Bxh7 Bxf3 17. Nxf3 g6 18. Bxg6 fxg6 19. Rxe6 Qb6 20. Qxd5 Rc6 21. Ng5 Be7 22. Rxc6 1-0


[Site "https://www.chess.com"]

[Event "Titled Tuesday Blitz October 18 Late 2022"]
[White "Harish, Neeraj"]
[Black "Leschinsky, Gary"]
[WhiteFideId "30958130"]
[BlackFideId "30951321"]
[WhiteElo "1815"]
[BlackElo "1855"]
[Result "0-1"]
[Round "02"]
[TimeControl "180+1"]
[Date "2022.10.19"]
[WhiteClock "0:00:10"]
[BlackClock "0:00:25"]

1. e4 c5 2. Nf3 d6 3. d4 cxd4 4. Nxd4 Nf6 5. Nc3 Nc6 6. Bg5 e6 7. Bb5 Bd7 8. Qd3 Be7 9. O-O-O a6 10. Bxc6 bxc6 11. f4 c5 12. Nf3 h6 13. Bxf6 gxf6 14. f5 Qa5 15. Kb1 Bb5 16. Qd2 Rb8 17. Nh4 Kd7 18. fxe6+ fxe6 19. Ng6 Rhd8 20. Nxe7 Kxe7 21. Qxh6 Be8 22. Qh7+ Bf7 23. Nd5+ exd5 24. exd5 Rxb2+ 25. Kxb2 Rb8+ 26. Kc1 Qa3+ 27. Kd2 Qb4+ 28. c3 Qf4+ 29. Kd3 c4+ 30. Kc2 Qf2+ 31. Rd2 Rb2+ 32. Kxb2 Qxd2+ 33. Qc2 Qxd5 34. Re1+ Kf8 35. h4 Qb5+ 36. Ka1 Qh5 37. Qe4 Qa5 38. g4 Qxc3+ 39. Kb1 Qb4+ 40. Ka1 Qc3+ 41. Kb1 d5 42. Qe7+ Kg8 43. g5 Bg6+ 0-1


[Site "https://www.chess.com"]

[Event "Titled Tuesday Blitz October 18 Late 2022"]
[White "Harvey, Marcus R"]
[Black "Luxama, Jacques Muller"]
[WhiteFideId "400092"]
[BlackFideId "11900113"]
[WhiteElo "2457"]
[BlackElo "1931"]
[Result "1-0"]
[Round "02"]
[TimeControl "180+1"]
[Date "2022.10.19"]
[WhiteClock "0:00:50"]
[BlackClock "0:00:02"]

1. c4 g6 2. d4 Bg7 3. Nc3 Nf6 4. e4 d6 5. Nf3 O-O 6. Be2 e5 7. O-O Nc6 8. dxe5 dxe5 9. Qxd8 Nxd8 10. Rd1 c6 11. Nxe5 Nxe4 12. Nxe4 Bxe5 13. Bg5 f6 14. Nxf6+ Bxf6 15. Bxf6 Rxf6 16. Rxd8+ Rf8 17. Rad1 Be6 18. Rxa8 Rxa8 19. Kf1 Kf7 20. Ke1 Ke7 21. Kd2 Rf8 22. f3 Rf5 23. a3 g5 24. Bd3 Rf7 25. h3 h6 26. Ke3 Rf4 27. Rc1 c5 28. Be4 b6 29. b3 a5 30. a4 Rf8 31. Rd1 Rc8 32. Rd3 Rf8 33. Bd5 Bd7 34. Kf2 Rf4 35. Be4 Rf8 36. Kg3 Rf4 37. Re3 Kd6 38. Rd3+ Ke7 39. Rd2 Be6 40. Kf2 Rf8 41. Ke3 Rf6 42. Bd5 Bf5 43. Kf2 Bd7 44. Rd1 Rf4 45. Be4 Be6 46. Rh1 Rf8 47. h4 g4 48. Rd1 gxf3 49. Bxf3 Rf4 50. g3 Rf8 51. Ke3 Bd7 52. g4 Be8 53. Be4 Bd7 54. g5 hxg5 55. hxg5 Rg8 56. Kf4 Rf8+ 57. Ke5 Rf2 58. Rg1 Re2 59. Kf4 1-0


[Site "https://www.chess.com"]

[Event "Titled Tuesday Blitz October 18 Late 2022"]
[White "Hirneise, Jens"]
[Black "Papasimakopoulos, Alexandros"]
[WhiteFideId "24614734"]
[BlackFideId "4244125"]
[WhiteElo "2519"]
[BlackElo "2761"]
[Result "0-1"]
[Round "02"]
[TimeControl "180+1"]
[Date "2022.10.19"]
[WhiteClock "0:00:02"]
[BlackClock "0:00:01"]

1. e4 e6 2. d4 d5 3. Nd2 Nf6 4. Bd3 c5 5. c3 Nc6 6. e5 Nd7 7. Ne2 cxd4 8. cxd4 f6 9. exf6 Nxf6 10. O-O Bd6 11. Nf3 Qc7 12. Re1 O-O 13. Ng3 Bd7 14. a3 Rae8 15. Bg5 h6 16. Bxf6 Rxf6 17. Nh5 Rff8 18. Bg6 Re7 19. Rc1 Be8 20. Bxe8 Rexe8 21. b4 Qf7 22. Ng3 a6 23. Qe2 Qg6 24. b5 axb5 25. Qxb5 Re7 26. Qb3 Na5 27. Qc3 Nc4 28. a4 Bc7 29. Qc2 Qg4 30. h3 Qf4 31. Nh5 Qf7 32. Ng3 Bf4 33. Ra1 Rc7 34. Qe2 Rc6 35. a5 Ra8 36. Ne5 Bxe5 37. dxe5 Rxa5 38. Rxa5 Nxa5 39. Ra1 b6 40. Qb5 Qc7 41. Kh2 Qxe5 42. Rxa5 bxa5 43. Qxc6 d4 44. Qc8+ Kh7 45. Qc2+ Kg8 46. Qd3 a4 47. Qc4 h5 48. h4 Qf6 49. Qxa4 Qxh4+ 50. Kg1 Qf4 51. Qe8+ Kh7 52. Qxh5+ Kg8 53. Qe8+ Kh7 54. Qxe6 Qc1+ 55. Kh2 Qc3 56. Qf5+ Kh8 57. Ne4 Qc7+ 58. g3 g6 59. Qxg6 d3 0-1


[Site "https://www.chess.com"]

[Event "Titled Tuesday Blitz October 18 Late 2022"]
[White "Holt, Conrad"]
[Black "Mihajlov, Sebastian"]
[WhiteFideId "2034387"]
[BlackFideId "1512110"]
[WhiteElo "2592"]
[BlackElo "2464"]
[Result "1-0"]
[Round "02"]
[TimeControl "180+1"]
[Date "2022.10.18"]
[WhiteClock "0:02:10"]
[BlackClock "0:01:40"]

1. d4 Nf6 2. c4 c6 3. Nc3 d5 4. e3 e6 5. Bd3 Nbd7 6. e4 dxe4 7. Nxe4 Nxe4 8. Bxe4 Nf6 9. Bc2 c5 10. Nf3 Bd6 11. O-O O-O 12. Qd3 h6 13. Rd1 Qe7 14. dxc5 Bxc5 15. Ne5 b6 16. Ng4 Re8 17. Nxh6+ gxh6 18. Bxh6 Bb7 19. Qg3+ 1-0


[Site "https://www.chess.com"]